 Dungeon Crawl Stone Soup version 0.21.1-1-g345015f (webtiles) character file.

5215 tyranidshit the Fighter (level 10, -3/85 HPs)
             Began as a Demonspawn Abyssal Knight on July 25, 2018.
             Was a High Priest of Lugonu.
             Splashed by Maurice's acid (12 damage)
             ... on level 9 of the Dungeon.
             The game lasted 00:36:53 (9139 turns).

tyranidshit the Fighter (Demonspawn Abyssal Knight) Turns: 9139, Time: 00:36:54

Health: -3/85      AC: 21    Str: 15    XL:     10   Next: 35%
Magic:  14/14      EV:  5    Int: 18    God:    Lugonu [*****.]
Gold:   18         SH:  0    Dex: 12    Spells: 8/9 levels left

rFire    . . .     SeeInvis .   u - +3 scimitar (flame)
rCold    + . .     Gourm    .   (no shield)
rNeg     . . .     Faith    .   E - +0 plate armour
rPois    .         Spirit   .   (helmet restricted)
rElec    .         Reflect  .   A - +2 cloak
rCorr    .         Harm     +   (no gloves)
MR       +....                  (no boots)
Stlth    ..........             m - amulet of harm
HPRegen  0.24/turn              y - ring of protection from magic
MPRegen  0.14/turn              d - +3 ring of intelligence

@: corroded
A: antennae 1, molten scales 1, cold resistance 1, icemail, powered by death 1,
freezing cloud immunity
a: Depart the Abyss, Bend Space, Banish, Corrupt, Enter the Abyss, Renounce
Religion


You were on level 9 of the Dungeon.
You worshipped Lugonu.
Lugonu was extremely pleased with you.
You were not hungry.

You visited 1 branch of the dungeon, and saw 9 of its levels.
You visited the Abyss 1 time.
You also visited: Sewer.

You collected 180 gold pieces.
You spent 162 gold pieces at shops.

Inventory:

Hand Weapons
 b - a +1 hand axe
 u - a +3 scimitar of flaming (weapon)
 D - a +2 vampiric trident
Missiles
 g - 4 javelins (quivered)
Armour
 j - a scarf of cloud immunity
 A - a +2 cloak (worn)
 E - a +0 plate armour (worn)
Magical Staves
 p - an uncursed staff of conjuration
 s - a cursed staff of air
Jewellery
 d - a +3 ring of intelligence (right hand)
 h - an uncursed ring of positive energy
 m - an amulet of harm (around neck)
 o - an uncursed ring of fire
 y - a ring of protection from magic (left hand)
Wands
 i - a wand of clouds (5)
 n - a wand of flame (11)
Scrolls
 e - 2 scrolls of identify
 f - a scroll of enchant weapon
 k - a scroll of teleportation
 l - 2 scrolls of blinking
 q - 5 scrolls of amnesia
 t - 3 scrolls of remove curse
Potions
 v - a potion of brilliance
 x - a potion of invisibility
Books
 r - a book of Necromancy

   Spells                             Type                      Level
   a - Pain                           Necromancy                   1
   b - Animate Skeleton               Necromancy                   1
   c - Vampiric Draining              Necromancy                   3
   d - Regeneration                   Charms/Necromancy            3
   e - Animate Dead                   Necromancy                   4
   f - Borgnjor's Vile Clutch         Necromancy/Earth             5
 B - a book of Cantrips

   Spells                             Type                      Level
   a - Confusing Touch                Hexes                        1
   b - Animate Skeleton               Necromancy                   1
   c - Summon Small Mammal            Summoning                    1
   d - Apportation                    Translocation                1
Comestibles
 c - 9 rations


   Skills:
 - Level 10.1 Fighting
 - Level 4.5 Axes
 + Level 8.7 Armour
 - Level 0.8 Dodging
 - Level 6.6 Invocations
 - Level 3.8 Evocations


You had 8 spell levels left.
You knew the following spells:

 Your Spells              Type           Power        Failure   Level  Hunger
a - Apportation           Tloc           #.....       100%        1    ##.....


Dungeon Overview and Level Annotations

Branches:
Dungeon (9/15)             Temple (0/1) D:4
   Lair: D:8-11         Orc: D:9-12

Altars:
Ashenzari
Cheibriados
Elyvilon
Fedhas
Gozag
Hepliaklqana
Kikubaaqudgha
Nemelex Xobeh
Okawaru
Ru
Sif Muna
Uskayaw
Vehumet
Xom
Zin
The Shining One

Shops:
D:8 (

Annotations:
D:9 Maurice


Innate Abilities, Weirdness & Mutations

You have a pair of small antennae on your head.
You are partially covered in molten scales. (AC +2)
Your flesh is cold resistant. (rC+)
A meltable icy envelope protects you from harm. (AC +10)
You regenerate a little health from kills.
You are immune to freezing clouds.


Message History

The now-empty wand crumbles to dust.
Found 10 stones.
Maurice says, "Nice gear.
Can I borrow some?"
Maurice throws a javelin.
The javelin hits you but does no damage.
You see here a javelin.
Maurice hits you with a war axe. Maurice steals your wand of acid (9)!
You slash Maurice! You burn Maurice.
Maurice is severely wounded.
Maurice hits you but does no damage.
You slash Maurice! You burn Maurice.
Maurice is almost dead.
Your icy envelope is restored.
Maurice zaps a wand.
The bolt of acid hits you! The acid corrodes you!
You are splashed with acid!
The acid burns!
* * * LOW HITPOINT WARNING * * *
It is a wand of acid (8).
Maurice zaps a wand.
The bolt of acid hits you!
* * * LOW HITPOINT WARNING * * *
The acid corrodes you!
You are splashed with acid!
The acid burns!
You die...

...............###.###..##.#.####
####......####<........[###.##
#.####...............# #.### #.#
#######.(.....### #.#.## #.#
#............# #..#.# #.#
#.###........# ###.## #.# #.#
#........# #.# #.# #.# #@.#######
#.# ####.######.# ##@#
..(.######.# #...........#
#(#.ยง.โ‰ˆ.#......# #.##.########
#.'.._..######## #.##.#
###.โ‰ˆ.โ‰ˆ.# ..##.########
.....# ####.>......############
########...........#
#############


You could see Maurice.

Vanquished Creatures
  Erica (D:9)
  Joseph (D:8)
  A troll (D:9)
  Prince Ribbit (D:5)
  Sigmund (D:3)
  The ghost of Lilu the Conjurer, an amateur DECj (D:4)
  The ghost of dscm the Chopper, an amateur HOGl (D:3)
  Purgy (Sewer)
  2 sky beasts (D:7)
  3 orc warriors
  4 phantoms
  A centaur (D:6)
  4 ogres
  2 big kobolds (D:8)
  A bullfrog (D:6)
  A scorpion (D:5)
  11 killer bees (D:9)
  5 howler monkeys
  A crimson imp (D:8)
  A jelly (D:3)
  3 orc priests
  2 bullfrog skeletons
  3 hounds
  3 orc wizards
  A gnoll shaman (D:7)
  2 iguanas
  Jessica (D:2)
  5 worker ants
  A statue (D:9)
  2 hound skeletons
  A hound zombie (D:7)
  15 gnolls
  A howler monkey zombie (D:8)
  12 adders
  A shadow imp (D:5)
  11 oozes
  2 adder skeletons (D:9)
  A worm (D:5)
  6 dart slugs
  3 leopard geckos
  23 orcs
  A ball python (D:4)
  6 bats
  5 giant cockroaches
  5 goblins
  2 hobgoblins (D:2)
  13 jackals
  2 quokkas
  10 frilled lizards
  A jackal zombie (D:6)
  19 kobolds
  A leopard gecko zombie (D:5)
  8 rats
216 creatures vanquished.

Vanquished Creatures (others)
  4 fungi (D:3)
  7 toadstools (D:3)
11 creatures vanquished.

Grand Total: 227 creatures vanquished

Notes
Turn   | Place    | Note
-------+----------+-------------------------------------------
     0 | Abyss:1  | tyranidshit the Demonspawn Abyssal Knight began the quest for the Orb.
     0 | Abyss:1  | Reached XP level 1. HP: 18/18 MP: 2/2
    58 | Abyss:1  | Noticed a ynoxinul
    69 | Abyss:1  | Noticed a chaos spawn
    70 | D:1      | Escaped the Abyss
   194 | D:1      | Reached * piety under Lugonu
   279 | D:1      | Gained mutation: Your flesh is cold resistant. (rC+) [demonic ancestry]
   279 | D:1      | Reached XP level 2. HP: 24/24 MP: 3/3
   615 | D:1      | Reached skill level 4 in Fighting
   834 | D:2      | Gained mutation: You are partially covered in molten scales. (AC +2) [demonic ancestry]
   834 | D:2      | Reached XP level 3. HP: 30/30 MP: 4/4
  1122 | D:1      | Gained mutation: You are immune to freezing clouds. [demonic ancestry]
  1122 | D:1      | Reached XP level 4. HP: 9/38 MP: 5/5
  1264 | D:1      | Reached skill level 5 in Fighting
  1274 | D:2      | Found a hide-covered altar of Uskayaw.
  1295 | D:2      | Noticed Jessica
  1304 | D:2      | Killed Jessica
  1416 | D:2      | Found an opulent altar of Gozag.
  1532 | D:2      | Reached ** piety under Lugonu
  1751 | D:2      | Gained mutation: You regenerate a little health from kills. [demonic ancestry]
  1751 | D:2      | Reached XP level 5. HP: 20/46 MP: 6/6
  1887 | D:3      | Reached skill level 6 in Fighting
  1905 | D:3      | Found an opulent altar of Gozag.
  1991 | D:3      | Noticed dscm's ghost (amateur HOGl)
  2194 | D:3      | Found a white marble altar of Elyvilon.
  2346 | D:3      | Found a blossoming altar of Fedhas.
  2348 | D:3      | Found an ancient bone altar of Kikubaaqudgha.
  2365 | D:3      | Noticed Sigmund
  2373 | D:3      | Killed Sigmund
  2373 | D:3      | Reached XP level 6. HP: 29/53 MP: 7/7
  2571 | D:3      | Reached *** piety under Lugonu
  3283 | D:3      | Killed dscm's ghost
  3283 | D:3      | Reached skill level 5 in Armour
  3283 | D:3      | Reached XP level 7. HP: 23/59 MP: 8/8
  3592 | D:4      | Reached skill level 7 in Fighting
  3788 | D:4      | Found a staircase to the Ecumenical Temple.
  3927 | D:4      | Noticed Lilu's ghost (amateur DECj)
  3949 | D:4      | Killed Lilu's ghost
  3949 | D:4      | Reached skill level 8 in Fighting
  3949 | D:4      | Gained mutation: A meltable icy envelope protects you from harm. (AC +10) [demonic ancestry]
  3949 | D:4      | Reached XP level 8. HP: 51/68 MP: 9/9
  4087 | D:5      | Entered Level 5 of the Dungeon
  4131 | D:5      | Found a glowing drain.
  4147 | Sewer    | Entered a sewer
  4247 | Sewer    | Noticed Purgy
  4283 | Sewer    | Killed Purgy
  4424 | D:5      | Noticed Prince Ribbit
  4699 | D:5      | Reached skill level 9 in Fighting
  4752 | D:5      | Killed Prince Ribbit
  5561 | D:6      | Reached **** piety under Lugonu
  5561 | D:6      | Reached skill level 10 in Fighting
  5674 | D:6      | Found a white marble altar of Elyvilon.
  6332 | D:7      | Reached skill level 1 in Evocations
  6332 | D:7      | Reached XP level 9. HP: 45/78 MP: 12/12
  6340 | D:7      | HP: 1/78 [orc priest/divine providence (14)]
  6497 | D:7      | Learned a level 1 spell: Apportation
  6648 | D:7      | Found a sacrificial altar of Ru.
  6670 | D:7      | Reached skill level 5 in Invocations
  6869 | D:7      | Found a glowing silver altar of Zin.
  6869 | D:7      | Found a snail-covered altar of Cheibriados.
  7335 | D:8      | Noticed Joseph
  7373 | D:8      | Killed Joseph
  7545 | D:8      | Found a shimmering altar of Xom.
  7569 | D:8      | Found a hide-covered altar of Uskayaw.
  7900 | D:8      | Found Qoytucali's Antique Weapon Emporium.
  7903 | D:8      | Bought a battleaxe for 162 gold pieces
  7944 | D:8      | Found a hazy altar of Hepliaklqana.
  8239 | D:9      | Noticed Maurice
  8363 | D:9      | Gained mutation: You have a pair of small antennae on your head. [demonic ancestry]
  8363 | D:9      | Reached XP level 10. HP: 27/85 MP: 14/14
  8484 | D:9      | Found a deep blue altar of Sif Muna.
  8623 | D:9      | HP: 3/85 [killer bee (8)]
  8843 | D:9      | Reached ***** piety under Lugonu
  8912 | D:9      | Found a radiant altar of Vehumet.
  9002 | D:9      | Found a glowing golden altar of the Shining One.
  9005 | D:9      | Found a sparkling altar of Nemelex Xobeh.
  9008 | D:9      | Found a shattered altar of Ashenzari.
  9093 | D:9      | Noticed Erica
  9117 | D:9      | Killed Erica
  9130 | D:9      | Found an iron altar of Okawaru.
  9139 | D:9      | Splashed by Maurice's acid

Skill      XL: |  1  2  3  4  5  6  7  8  9 10 |
---------------+-------------------------------+-----
Fighting       | 4 5 6 8 10 | 10.1
Armour         | 3 5 7 8 |  8.7
Axes           | 2 4 |  4.5
Invocations    | 4 6 |  6.6
Evocations     | 1 3 |  3.8
Dodging        | |  0.8

Action                   |  1- 3 |  4- 6 |  7- 9 | 10-12 || total
-------------------------+-------+-------+-------+-------++-------
Melee: Hand axe          |    90 |    47 |       |       ||   137
       War axe           |       |    30 |       |       ||    30
       Halberd           |       |   111 |   266 |       ||   377
       Trident           |       |       |   334 |   142 ||   476
       Unarmed           |       |       |    13 |       ||    13
       Scimitar          |       |       |       |     6 ||     6
Throw: Javelin           |       |     6 |     3 |       ||     9
Invok: Depart the Abyss  |     1 |       |       |       ||     1
  Use: Potion            |     4 |     5 |     9 |     5 ||    23
       Scroll            |     2 |     4 |    15 |     4 ||    25
 Stab: Sleeping          |     1 |       |       |       ||     1
  Eat: Ration            |       |     3 |     6 |     1 ||    10
Armor: Leather armour    |    33 |       |       |       ||    33
       Ring mail         |       |    45 |       |       ||    45
       Chain mail        |       |   117 |   248 |       ||   365
       Plate armour      |       |       |   301 |   203 ||   504
       Skin              |       |       |     2 |       ||     2
Dodge: Dodged            |    57 |    91 |   208 |    56 ||   412
